AoeStats
← shai

Arabia

507913941Analyzed
1v1 RM · 13d ago on Sep 20, 2026· 27m 19s· 2 players
Game mode
Random Map
Map size
Tiny (2 player)
Population
200
Speed
Normal
Resources
Standard
Victory
Conquest
Starting age
Dark Age
Ending age
Imperial Age
RankedLock teamsTeams togetherTeam positionsShared explorationLock speedFull tech treeHidden civsTurbo modeCheats
Victory
Defeat
🇹🇼 Poles · Taiwan
1481
+18
🇺🇸 Chinese · United States
1517
-18
shai
6:39 Loom
8:52 Feudal Age
9:26 Double-Bit Axe
9:41 Horse Collar
16:09 Bloodlines
18:42 Forging
19:06 Scale Barding Armor
22:23 Castle Age
22:06 Stone Mining
22:28 Light Cavalry
23:29 Chain Barding Armor
23:33 Husbandry
Elavid
0:30 Loom
9:20 Feudal Age
10:13 Double-Bit Axe
13:48 Fletching
16:29 Wheelbarrow
18:01 Horse Collar
21:55 Castle Age
20:33 Padded Archer Armor
20:33 Scale Mail Armor
20:46 Gold Mining
22:35 Bodkin Arrow
22:02 Crossbowman
22:55 Bow Saw
22:40 Pikeman
23:31 Town Watch
25:19 Squires
Connection lost

Rejoining the realm…

Still unreachable

The connection could not be restored.

Session expired

The server has moved on; the page needs a fresh start.